 Dungeon Crawl Stone Soup version 0.27.0-1-g7a089689b8 (webtiles) character file.

Game seed: 16388014942994578523

32 ZombieSheep the Skirmisher (level 3, 0/35 HPs)
             Began as a Gnoll Wanderer on Aug 7, 2021.
             Slain by an orc (8 damage)
             ... on level 2 of the Dungeon.
             The game lasted 00:01:33 (1260 turns).

ZombieSheep the Skirmisher (Gnoll Wanderer)         Turns: 1260, Time: 00:01:34

Health: 0/35       AC:  2    Str: 13    XL:     3   Next: 25%
Magic:  3/4        EV: 12    Int:  9    God:
Gold:   62         SH:  0    Dex: 12    Spells: 3/3 levels left

rFire    . . .     SeeInvis .   a - +2 spear
rCold    . . .     Faith    .   (no shield)
rNeg     . . .     Spirit   .   d - +0 robe
rPois    .         Reflect  .   (no helmet)
rElec    .         Harm     .   (no cloak)
rCorr    .         Rampage  .   (no gloves)
Will     .....                  (no boots)
Stlth    ++........             (no amulet)
HPRegen  0.11/turn              (no ring)
MPRegen  0.09/turn              (no ring)

@: no status effects
A: fangs 1, strong nose, distributed training
a: no special abilities


You were on level 2 of the Dungeon.
You visited 1 branch of the dungeon, and saw 2 of its levels.

You collected 62 gold pieces.

Inventory:

Hand Weapons
 a - a +2 spear (weapon)
 j - a +0 trident
Armour
 d - a +0 robe (worn)
Jewellery
 h - a ring of protection from cold
Scrolls
 g - a scroll of immolation {unknown}
Potions
 b - a potion of curing
 c - a potion of lignification
 e - a potion of attraction {unknown}
 f - 2 potions of haste {unknown}
 i - a potion of mutation {unknown}


   Skills:
 + Level 6.5 Fighting
 + Level 0.7 Short Blades
 + Level 0.7 Long Blades
 + Level 0.7 Axes
 + Level 2.6 Maces & Flails
 + Level 2.6 Polearms
 + Level 0.7 Staves
 + Level 0.7 Slings
 + Level 0.7 Bows
 + Level 0.7 Crossbows
 + Level 2.6 Throwing
 + Level 2.6 Armour
 + Level 2.6 Dodging
 + Level 2.3 Stealth
 + Level 2.6 Shields
 + Level 0.7 Unarmed Combat
 + Level 0.7 Spellcasting
 + Level 0.5 Conjurations
 + Level 0.5 Hexes
 + Level 0.5 Summonings
 + Level 0.5 Necromancy
 + Level 0.5 Translocations
 + Level 0.5 Transmutations
 + Level 0.5 Fire Magic
 + Level 0.5 Ice Magic
 + Level 0.5 Air Magic
 + Level 0.5 Earth Magic
 + Level 0.5 Poison Magic
 + Level 0.9 Invocations
 + Level 0.7 Evocations


You had 3 spell levels left.
You didn't know any spells.
Your spell library was empty.

Dungeon Overview and Level Annotations

Branches:
Dungeon (2/15)

Altars:


Innate Abilities, Weirdness & Mutations

You have very sharp teeth.
Your uncanny sense of smell can sniff out nearby items.
Your experience applies equally to all skills.


Message History

You see here a +0 club.
Things that are here:
a +0 trident; an orc corpse
j - a +0 trident You see here a +0 club.
There is a large open door here.
You open the large door. 2 orcs come into view.
The orc shouts!
There is a large open door here.
You closely miss the orc. You closely miss the orc. The orc misses you.
The orc hits you with a +0 flail.
You barely miss the orc. You bite the orc.
The orc is lightly wounded.
The orc closely misses you. x2
You hit the orc. You bite the orc, but do no damage.
The orc is severely wounded.
The orc hits you with a +0 whip. The orc hits you with a +0 flail.
You hit the orc.
The orc is almost dead.
The orc closely misses you. The orc hits you with a +0 flail!
You are too injured to fight recklessly!
You are too injured to fight recklessly!
You are too injured to fight recklessly!
The orc misses you.
There is a large open door here.
You hit the orc.
You kill the orc!
You hit the orc but do no damage. Your bite misses the orc.
The orc hits you with a +0 flail!
* * * LOW HITPOINT WARNING * * *
You hit the orc but do no damage. The orc misses you.
You hit the orc but do no damage. The orc barely misses you.
You hit the orc. Your bite misses the orc.
The orc is heavily wounded.
The orc misses you.
You hit the orc.
The orc is almost dead.
The orc hits you with a +0 flail!
You die...

#.......########
#......####....##
#.....## #.8..8.#
#....## #†.....#
#...## ##)...##
#.)#### ###.##.# #
#.#...###.##''##)#
#..###.'.#......#
###...###.##@'##.#
#.#### ###o##.# #
#. #....# #.
......# #.
#.8..8.# #.
##....## ######


You could see an orc.

Vanquished Creatures
  A dart slug (D:1)
  3 orcs (D:2)
  An endoplasm (D:1)
  A giant cockroach (D:1)
  3 goblins
  3 hobgoblins
  A quokka (D:1)
  4 ball pythons
  3 bats
  2 frilled lizards (D:1)
  3 rats
25 creatures vanquished.

Vanquished Creatures (others)
  8 plants (D:2)
8 creatures vanquished.

Grand Total: 33 creatures vanquished

Notes
Turn   | Place    | Note
-------+----------+-------------------------------------------
     0 | D:1      | ZombieSheep the Gnoll Wanderer began the quest for the Orb.
     0 | D:1      | ZombieSheep set off with the following items: a +2 spear, a
                  | potion of curing, a potion of lignification, a +0 robe
     0 | D:1      | Reached XP level 1. HP: 23/23 MP: 1/1
   277 | D:1      | Reached XP level 2. HP: 18/29 MP: 2/2
  1069 | D:2      | Reached XP level 3. HP: 34/35 MP: 3/3
  1260 | D:2      | Slain by an orc

Illustrated notes

Levels and vault maps discovered:
D:1:      saegor_arrival_miasma, layout_basic, kennysheep_decorative_pillar
D:2:      layout_loops_ring, serial_bayou_pond_c, minmay_stone_trees_small,
          wad_orctagon

Action                   || total
-------------------------++-------
Melee: Spear             ||    75
       Bite              ||     2
 Stab: Sleeping          ||     7
Armor: Robe              ||     4
Dodge: Dodged            ||    29
